 Dungeon Crawl Stone Soup version 0.22-a0-406-g9ff8d77 (webtiles) character file.

64 dstrtnsr the Chopper (level 3, -1/51 HPs)
             Began as a Minotaur Berserker on May 9, 2018.
             Was a Follower of Trog.
             Slain by a gnoll
             ... wielding a +0 spear
              (7 damage)
             ... on level 2 of the Dungeon.
             The game lasted 00:00:31 (711 turns).

dstrtnsr the Chopper (Minotaur Berserker)            Turns: 711, Time: 00:00:32

Health: -1/51      AC:  2    Str: 27    XL:     3   Next: 91%
Magic:  2/2        EV: 12    Int:  4    God:    Trog [*.....]
Gold:   9          SH:  0    Dex:  9    Spells: 2/2 levels left

rFire    . . .     SeeInvis .   a - +0 hand axe
rCold    . . .     Gourm    .   (no shield)
rNeg     . . .     Faith    .   b - +0 animal skin
rPois    .         Spirit   .   (helmet restricted)
rElec    .         Reflect  .   (no cloak)
rCorr    .         Harm     .   (no gloves)
MR       .....                  (no boots)
Stlth    ..........             (no amulet)
HPRegen  0.17/turn              (no ring)
MPRegen  0.08/turn              (no ring)

@: berserking, very quick
A: retaliatory headbutt, horns 2
a: Berserk, Renounce Religion


You were on level 2 of the Dungeon.
You worshipped Trog.
Trog was aware of your devotion.
You were very hungry.

You visited 1 branch of the dungeon, and saw 2 of its levels.

You collected 9 gold pieces.

Inventory:

Hand Weapons
 a - a +0 hand axe (weapon)
Armour
 b - a +0 animal skin (worn)
Scrolls
 f - a scroll of remove curse {unknown}
 h - a scroll of identify {unknown}
Potions
 d - a potion of haste {unknown}
 g - a potion of magic {unknown}
Comestibles
 c - 7 chunks of flesh
 e - 2 rations {!d}


   Skills:
 + Level 4.4 Fighting
 * Level 5.2 Axes
 - Level 2.4 Armour
 - Level 2.1 Dodging


You had 2 spell levels left.
You didn't know any spells.

Dungeon Overview and Level Annotations

Branches:
Dungeon (2/15)

Altars:


Innate Abilities, Weirdness & Mutations

You reflexively headbutt those who attack you in melee.
You have a pair of horns on your head.


Message History

You see here a spear.
You feel a strong urge to attack something.
You are no longer berserk.
You are exhausted.
You feel yourself slow down.
Unknown command.
Unknown command.
What are your orders? t - Shout!
Orders for allies: a - Attack new target. r - Retreat! s - Stop attacking. g - Guard the area. f - Follow me.
Anything else - Cancel.
Stop fighting!
You feel yourself speed up.
You recover from your berserk rage.
Key pressed, stopping explore.
You see here a spear.
h - a scroll labeled ZITUACH VIEL You see here a dagger.
An adder comes into view.
An adder is nearby!
A kobold comes into view.
The kobold shouts!
You hear a shout! x2
There are monsters nearby!
You slash the adder! Your headbutt misses the adder.
The adder is almost dead.
The adder completely misses you.
You closely miss the adder.
The adder is almost dead.
The adder bites you.
A kobold comes into view. It is wielding a short sword.
You hit the adder.
You kill the adder!
Trog accepts your kill.
Your Axes skill increases to level 5!
The kobold throws a stone.
The stone hits you.
The kobold throws a stone.
The stone hits you.
You see here a stone.
There are monsters nearby!
The kobold hits you but does no damage.
A worm comes into view.
You completely miss the kobold. The kobold misses you.
An adder comes into view.
The adder hisses angrily.
You hit the kobold.
You kill the kobold!
Trog accepts your kill.
You hit the kobold but do no damage. The kobold completely misses you.
There are monsters nearby!
You closely miss the adder. You headbutt the adder!
The adder is heavily wounded.
You hit the kobold but do no damage. The adder barely misses you.
The kobold hits you with a short sword.
You hit the adder but do no damage.
The adder is heavily wounded.
You closely miss the kobold. The adder completely misses you.
You furiously retaliate!
You headbutt the adder!
You kill the adder!
Trog accepts your kill. The kobold hits you with a short sword.
You hit the kobold.
You kill the kobold!
Trog accepts your kill.
A gnoll comes into view. It is wielding a spear.
The gnoll shouts!
The gnoll moves out of view.
You see here 2 stones.
A worm is nearby!
You hit the worm.
The worm is lightly wounded.
A worm is nearby!
You barely miss the worm. You headbutt the worm.
The worm is moderately wounded.
The worm barely misses you.
A worm is nearby!
You hit the worm but do no damage. Your headbutt misses the worm.
The worm is moderately wounded.
The worm bites you.
You barely miss the worm. You headbutt the worm!
The worm is severely wounded.
The gnoll barely misses you.
You hit the worm.
You kill the worm!
Trog accepts your kill.
The gnoll barely misses you. 2 gnolls come into view.
The gnoll shouts!
The gnoll hits you with a spear!
The gnoll shouts!
You hit the gnoll but do no damage. The gnoll hits you with a spear.
You barely miss the gnoll. The gnoll closely misses you. x2
You hit the gnoll but do no damage. The gnoll closely misses you.
The gnoll hits you from afar with a spear!
* * * LOW HITPOINT WARNING * * *
A red film seems to cover your vision as you go berserk!
You feel yourself moving faster!
You feel mighty!
You are feeling very hungry.
The gnoll hits you with a spear!
You die...

.......######.## ####
#. #..#.#..........
#... #.
#..#.#)###.##.##
....... #..#.(.###....#
#....#.##..##..)##.####
#.................#
#..gg##.###...####
#...g##.####.##
#....@(.((...#
....#...)......# #
#.###.###### #. #.# .
#.# .. ..# #. ### #.


You could see 3 gnolls.

Vanquished Creatures
  A gnoll (D:2)
  3 adders (D:2)
  A worm (D:2)
  A dart slug (D:1)
  2 leopard geckos (D:2)
  2 bats (D:1)
  A giant cockroach (D:2)
  A goblin (D:2)
  2 hobgoblins (D:2)
  2 kobolds (D:2)
  A quokka (D:2)
  A ball python (D:2)
  2 frilled lizards
  4 rats
24 creatures vanquished.

Notes
Turn   | Place    | Note
-------+----------+-------------------------------------------
     0 | D:1      | dstrtnsr the Minotaur Berserker began the quest for the Orb.
     0 | D:1      | Reached XP level 1. HP: 19/19 MP: 0/0
    28 | D:1      | Reached skill level 4 in Axes
   251 | D:2      | Reached XP level 2. HP: 27/27 MP: 1/1
   572 | D:2      | Reached XP level 3. HP: 24/33 MP: 2/2
   693 | D:2      | Reached skill level 5 in Axes
   708 | D:2      | HP: 12/34 [gnoll/spear (6)]
   710 | D:2      | HP: 4/34 [gnoll/spear (8)]
   711 | D:2      | Slain by a gnoll

Vault maps used:
D:1:      saegor_arrival_simple_a, minmay_lizard_pond
D:2:      first_ration, st_stairs_12

Skill      XL: |  1  2  3 |
---------------+----------+-----
Axes           | 4 5 |  5.2
Fighting       | 4 |  4.4
Armour         | |  2.4
Dodging        | |  2.1

Action                   || total
-------------------------++-------
Melee: Hand axe          ||    50
       Headbutt          ||     7
Invok: Berserk           ||     2
Armor: Animal skin       ||     8
Dodge: Dodged            ||    36

Table legend:
 A = Spawn XP
 B = Non-spawn XP
 C = Spawn XP percentage of total XP
 D = Spawn monster count
 E = Non-spawn monster count
 F = Spawn count percentage of total count
 G = Total turns spent on level
                    A         B        C        D         E        F      G
               +---------+---------+-------+---------+---------+-------+---------
         Total |       0 |      92 |   0.0 |       0 |      24 |   0.0 |   711
               +---------+---------+-------+---------+---------+-------+---------
           D:1 |       0 |      10 |   0.0 |       0 |       6 |   0.0 |   243
           D:2 |       0 |      82 |   0.0 |       0 |      18 |   0.0 |   468
               +---------+---------+-------+---------+---------+-------+---------
